 Dungeon Crawl Stone Soup version 0.23-a0-338-g8ff0b24 (webtiles) character file.

219 Garbasso the Chopper (level 5, -5/42 HPs)
             Began as a Demonspawn Fighter on Oct 18, 2018.
             Killed by nerve-wracking pain
             ... invoked by Grinder
              (12 damage)
             ... while paralysed by Grinder
             ... on level 3 of the Dungeon.
             The game lasted 00:06:58 (2869 turns).

Garbasso the Chopper (Demonspawn Fighter)           Turns: 2869, Time: 00:07:00

Health: -5/42      AC:  6    Str: 16    XL:     5   Next: 63%
Magic:  5/5        EV:  2    Int: 10    God:
Gold:   80         SH:  0    Dex: 13    Spells: 4/4 levels left

rFire    . . .     SeeInvis .   a - +0 war axe
rCold    + . .     Gourm    .   c - +0 shield
rNeg     . . .     Faith    .   b - +0 scale mail
rPois    .         Spirit   .   (helmet restricted)
rElec    .         Reflect  .   (no cloak)
rCorr    .         Harm     .   (no gloves)
MR       .....                  (no boots)
Stlth    ..........             (no amulet)
HPRegen  0.14/turn              (no ring)
MPRegen  0.09/turn              (no ring)

@: paralysed
A: horns 1, cold resistance 1
a: no special abilities


You were on level 3 of the Dungeon.
You were hungry.

You visited 1 branch of the dungeon, and saw 3 of its levels.

You collected 80 gold pieces.

Inventory:

Hand Weapons
 a - a +0 war axe (weapon)
 v - a +0 hunting sling
Missiles
 j - 169 stones (quivered)
 w - 23 sling bullets
Armour
 b - a +0 scale mail (worn)
 c - a +0 shield (worn)
Jewellery
 n - an uncursed ring of stealth {unknown}
 r - an uncursed ring of poison resistance {unknown}
 u - an uncursed ring of wizardry
Scrolls
 e - 3 scrolls of remove curse {unknown}
 g - a scroll of magic mapping {unknown}
 i - 5 scrolls of fear {unknown}
 l - a scroll of identify {unknown}
 o - a scroll of immolation {unknown}
 s - a scroll of teleportation {unknown}
Potions
 d - a potion of might
 h - 4 potions of brilliance {unknown}
 k - a potion of curing {unknown}
 m - a potion of lignification {unknown}
 p - a potion of invisibility
 q - 2 potions of flight {unknown}
Comestibles
 f - 5 rations


   Skills:
 + Level 3.9 Fighting
 * Level 4.1 Axes
 - Level 2.6 Armour
 + Level 1.0 Dodging
 + Level 3.4 Shields


You had 4 spell levels left.
You didn't know any spells.
Your spell library was empty.

Dungeon Overview and Level Annotations

Branches:
Dungeon (3/15)

Altars:
Fedhas

Annotations:
D:3 Grinder


Innate Abilities, Weirdness & Mutations

You have a pair of small horns on your head.
Your flesh is cold resistant. (rC+)


Message History

Pain shoots through your body!
* * * LOW HITPOINT WARNING * * *
You closely miss Grinder.
Grinder is lightly wounded.
Grinder hits you.
* * * LOW HITPOINT WARNING * * *
You block Grinder's attack.
Grinder says, "I used to sell toenails on the black market."
All of the chunks of flesh in your inventory have rotted away.
There is an open door here.
Grinder hits you but does no damage. Grinder gestures at you.
You resist with significant effort. Grinder gestures at you.
You suddenly lose the ability to move!
Grinder gestures at you.
You shrug off the repeated paralysis!
Grinder gestures at you. Pain shoots through your body!
You die...

...........)....##...............
..........[.....##...............
................##...............
................##...............
................##...............
................##...............
####.######......................
......# ######....###..........
.....(##########@...###..........
.(....'.......5....[..'..........
......##########....###..........
......# #....# #..........
......# #....# #.....#.#.#
......# #....# #..........
......# #....# ####..#.#.#
......# #....# ....... ......#
#....#


You could see Grinder.

Vanquished Creatures
  2 orc wizards (D:3)
  Jessica (D:3)
  Ijyb (D:3)
  Robin (D:3)
  2 adders
  2 dart slugs
  A leopard gecko (D:3)
  7 orcs (D:3)
  A giant cockroach (D:1)
  6 hobgoblins
  5 jackals
  8 kobolds
  2 quokkas (D:2)
  4 bats
  A frilled lizard (D:1)
  17 goblins
  9 rats
70 creatures vanquished.

Notes
Turn   | Place    | Note
-------+----------+-------------------------------------------
     0 | D:1      | Garbasso the Demonspawn Fighter began the quest for the
                  | Orb.
     0 | D:1      | Reached XP level 1. HP: 18/18 MP: 1/1
   348 | D:1      | Gained mutation: Your flesh is cold resistant. (rC+)
                  | [demonic ancestry]
   348 | D:1      | Reached XP level 2. HP: 20/24 MP: 2/2
   556 | D:1      | Reached skill level 2 in Axes
  1045 | D:2      | Reached XP level 3. HP: 29/29 MP: 3/3
  1458 | D:3      | Noticed Ijyb
  1522 | D:3      | Killed Ijyb
  1522 | D:3      | Gained mutation: You have a pair of small horns on your
                  | head. [demonic ancestry]
  1522 | D:3      | Reached XP level 4. HP: 17/36 MP: 4/4
  1799 | D:3      | Found a blossoming altar of Fedhas.
  1828 | D:3      | Noticed Jessica
  1829 | D:3      | Reached skill level 3 in Axes
  1844 | D:3      | Killed Jessica
  1846 | D:3      | Reached XP level 5. HP: 26/42 MP: 5/5
  2232 | D:3      | Noticed Grinder
  2253 | D:3      | Paralysed by Grinder for 2 turns
  2423 | D:3      | Reached skill level 4 in Axes
  2632 | D:3      | Noticed Robin
  2648 | D:3      | Killed Robin
  2648 | D:3      | Reached skill level 1 in Dodging
  2844 | D:3      | Paralysed by Grinder for 2 turns
  2866 | D:3      | Paralysed by Grinder for 6 turns
  2869 | D:3      | Killed from afar by Grinder

Vault maps used:
D:1:      lightli_iron_boxes
D:2:      st_stairs_5
D:3:      serial_glass, glass_columns_b, glass_columns_a, fedhas_altar_1,
          uniq_grinder, uniq_ijyb, uniq_robin, uniq_jessica

Skill      XL: |  1  2  3  4  5 |
---------------+----------------+-----
Shields        | 3 |  3.4
Axes           | 2 3 4 |  4.1
Dodging        | 1 |  1.0
Fighting       | |  3.9
Armour         | |  2.6

Action                   |  1- 3 |  4- 6 || total
-------------------------+-------+-------++-------
Melee: War axe           |   109 |    94 ||   203
       Headbutt          |       |    16 ||    16
Throw: Stone             |       |     2 ||     2
  Eat: Chunk             |     2 |     4 ||     6
Armor: Scale mail        |    91 |    52 ||   143
Dodge: Dodged            |    65 |    37 ||   102
Block: Shield            |    59 |    47 ||   106

Table legend:
 A = Non-vault XP
 B = Vault XP
 C = Vault XP percentage of total XP
 D = Non-vault monster count
 E = Vault monster count
 F = Vault count percentage of total count
                 A         B        C        D         E       F
            +---------+---------+-------+---------+---------+-------
      Total |     205 |     108 |  34.5 |      57 |      13 |  18.6
            +---------+---------+-------+---------+---------+-------
        D:1 |      23 |       0 |   0.0 |      15 |       0 |   0.0
        D:2 |      36 |       5 |  12.2 |      15 |       3 |  16.7
        D:3 |     146 |     103 |  41.4 |      27 |      10 |  27.0
            +---------+---------+-------+---------+---------+-------
